Unix NetHack Version 3.7.0-64 Work-in-progress - last build Sep 20 2022 13:51:49 (2efdc47de06bbc12dbc956ebf73d51181633095d,branch:master). Game began 2022-09-22 13:29:27, ended 2022-09-22 14:25:27. Arasaka, lawful female dwarven Cavewoman ----- ------- |...------ --|.....| |........| |.+.....| |........| |-|.....|-- -------.---- |.+.....+.| |......00.-- |-|.....|.| |..........| |.+.....|.| |00........| --|.....|.| -----.-------- ------|.| |............| |.| |......@.....| |.| --------Y----| |.| |.0.0.....0.| |.| |...........| |.| -------.------ |.| |.......----------------.| |>.....*............^^^^.| -------------------------- Arasaka the Wanderer St:18/01 Dx:17 Co:20 In:7 Wi:9 Ch:7 Lawful Dlvl:2 $:63 HP:0(79) Pw:9(9) AC:3 Xp:6/600 T:4097 Latest messages: Perhaps that's why you cannot move it. You hear a monster behind the boulder. Perhaps that's why you cannot move it. You hear a monster behind the boulder. Perhaps that's why you cannot move it. You hear a monster behind the boulder. Perhaps that's why you cannot move it. You hear a monster behind the boulder. Perhaps that's why you cannot move it. b - an uncursed +2 sling (weapon in hand). a - an uncursed +1 club (alternate weapon; not wielded). You harmlessly attack a boulder. In what direction? The flint stone hits it. In what direction? You shoot 2 flint stones. The 1st flint stone hits it. The 2nd flint stone hits it. In what direction? You shoot 2 flint stones. The 1st flint stone hits it. The 2nd flint stone hits it. In what direction? You shoot 2 flint stones. The 1st flint stone hits it. The 2nd flint stone hits it. In what direction? You shoot 2 flint stones. The 1st flint stone hits it. You kill it! With great effort you move the boulder. c - 6 uncursed flint stones (in quiver pouch) (9 in total). You see here a yellow gem. What do you want to wield? [- abl or ?*] a - an uncursed +1 club (weapon in hand). b - an uncursed +2 sling (alternate weapon; not wielded). The boulder falls into and plugs a hole in the floor! You see here a yellow gem. What do you want to eat? [fmyCDKS or ?*] This food really hits the spot! You finish eating the food ration. You stop waiting. The owlbear hits! The owlbear hits! You miss the owlbear. What do you want to write with? [- a-cghkluxBEFMPQ or ?*] You write in the dust with your fingertip. The owlbear hits! The owlbear hits! You die... Inventory: Coins ('$') $ - 63 gold pieces Weapons (')') l - 10 uncursed +0 silver arrows b - an uncursed +2 sling (alternate weapon; not wielded) a - an uncursed +1 club (weapon in hand) Armor ('[') H - an uncursed +0 orcish helm (being worn) G - an uncursed +0 orcish shield (being worn) I - an uncursed +0 mummy wrapping N - an uncursed +0 chain mail (being worn) Comestibles ('%') y - an uncursed apple D - an uncursed clove of garlic f - 3 uncursed food rations K - 3 uncursed pancakes C - 3 uncursed tripe rations m - 2 uncursed tins of pureed lichen Scrolls ('?') t - an uncursed scroll of confuse monster j - an uncursed scroll of create monster o - an uncursed scroll of destroy armor A - an uncursed scroll of earth z - a cursed scroll of earth i - an uncursed scroll of enchant armor s - a blessed scroll of identify L - a cursed scroll of stinking cloud v - a blessed scroll of taming Potions ('!') q - a cursed potion of extra healing p - an uncursed potion of monster detection Rings ('=') Q - an uncursed ring of fire resistance E - an uncursed +2 ring of increase accuracy M - an uncursed ring of poison resistance B - an uncursed ring of protection from shape changers Wands ('/') x - an uncursed wand of cold (0:6) F - an uncursed wand of nothing (0:9) u - an uncursed wand of speed monster (0:6) P - an uncursed wand of striking (0:6) Tools ('(') r - an uncursed leather drum k - an uncursed towel Gems/Stones ('*') g - an uncursed amethyst stone h - an uncursed worthless piece of green glass c - 9 uncursed flint stones (in quiver pouch) Arasaka the Cavewoman's attributes: Background: You were a Wanderer, a level 6 dwarven Cavewoman. You were lawful, nominally on a mission for Anu who was opposed by Ishtar (neutral) and Anshar (chaotic). You were in Sokoban, on level 2. You entered the dungeon 4097 turns ago. You had 600 experience points, 40 more were needed to attain level 7. Basics: You had 0 out of 79 hit points. You had all 9 energy points (spell power). Your armor class was 3. Your wallet contained 63 zorkmids. Autopickup was on for '$"?' plus thrown, with exceptions. Final Characteristics: Your strength was 18/01 (limit:18/100). Your dexterity was 17 (limit:20). Your constitution was 20 (limit:20). Your intelligence was 7 (limit:16). Your wisdom was 9 (limit:16). Your charisma was 7 (limit:16). Final Status: You were not hungry. You were unencumbered. You were wielding a club. You had basic skill with club and could have enhanced that. Final Attributes: You were piously aligned. You had infravision. You were warded. You were fast. You are dead. Miscellaneous: You disabled loading of bones levels. Total elapsed playing time was 55 minutes and 59 seconds. Major events: Turn 1: Arasaka the lawful dwarven Cavewoman entered the dungeon 1424: attained the rank of Aborigine (level 3) 1903: entered Sokoban 2097: completed 1st Sokoban level 2508: completed 2nd Sokoban level 3090: completed 3rd Sokoban level 3508: attained the rank of Wanderer (level 6) 4097: killed by an owlbear Vanquished creatures: a giant mimic a blue jelly a raven a snake a rope golem 4 Mordor orcs a shrieker 2 kobold mummies 2 elf zombies a little dog 3 floating eyes a kobold leader 2 rothes 2 iguanas 5 coyotes a brown mold a yellow mold a gnome zombie 2 geckos 6 jackals 2 foxes a sewer rat 6 grid bugs 2 bats 3 lichens a kobold zombie 8 newts 62 creatures vanquished. No species were genocided or became extinct. Voluntary challenges: You were an atheist. You read items or engraved 12 times. You engraved Elbereth 3 times. You never genocided any monsters. You never polymorphed an object. You never changed form. You used no wishes. You did not violate any of the special Sokoban rules. Achievements: You entered a shop. You attained the rank of Aborigine. You entered Sokoban. You attained the rank of Wanderer. The Dungeons of Doom: levels 1 to 7 Level 1: Level 2: "l" A fountain. Level 3: A potion shop. Level 4: Level 5: Level 6: Stairs up to Sokoban, level 5. Level 7: Sokoban: levels 5 up to 2 Level 2: <- You were here. Unsolved. Final resting place for you, killed by an owlbear. Level 3: Solved. Level 4: Solved. Level 5: Solved. Game over: ---------- / \ / REST \ / IN \ / PEACE \ / \ | Arasaka | | 63 Au | | killed by an | | owlbear | | | | | | 2022 | *| * * * | * _________)/\\_//(\/(/\)/\//\/|_)_______ Goodbye Arasaka the Cavewoman... You died in Sokoban on dungeon level 2 with 2767 points, and 63 pieces of gold, after 4097 moves. You were level 6 with a maximum of 79 hit points when you died.